 Dungeon Crawl Stone Soup version 5.6-49-g8abd877 (webtiles) character file.

1 rednecknazgul the Changer (level 7, -5/46 HPs) *CASUAL*
             Began as an Octopode Transmuter on Dec 23, 2018.
             Slain by a gnoll
             ... wielding a +0 spear
              (9 damage)
             ... on level 4 of the Dungeon.
             The game lasted 00:02:53 (2292 turns).

rednecknazgul the Changer (Octopode Transmuter)     Turns: 2292, Time: 00:02:54

Health: -5/46      AC:  2 (0%)Str: 14   XL:     7   Next: 18%
Magic:  9/9        EV: 21    Int: 17    God:
Gold:   205        SH:  0    Dex: 18    Spells: 9/13 levels left

rFire    . . .     SeeInvis .     - Unarmed
rCold    . . .     Faith    .   (shield currently unavailable)
rNeg     . . .     Spirit   .   (helmet currently unavailable)
rPois    x         Reflect  .   (no amulet)
rElec    .                      g - +5 ring of strength
rCorr    .                      h - ring of protection from magic
MR       +....                  (no ring)
Stlth    ++........             (no ring)
Regen    0.2/turn               (no ring)
MPRegen  0.2/turn               (no ring)
                                (no ring)
                                (no ring)

@: spider-form
A: almost no armour, stealthy swim, (amphibious), 8 rings, (constrict 8)
a: End Transformation


You were on level 4 of the Dungeon.
You were not hungry.
You were a venomous arachnid creature.
You visited 1 branch of the dungeon, and saw 4 of its levels.

You collected 205 gold pieces.

Inventory:

Jewellery
 g - a +5 ring of strength (left front leg)
 h - a ring of protection from magic (right front leg)
Scrolls
 a - 3 scrolls of teleportation
 c - 2 scrolls of enchant armour
 d - a scroll of enchant weapon
 e - a scroll of amnesia
 f - a scroll of magic mapping
 i - a scroll of fear
Potions
 b - 2 potions of lignification


   Skills:
 + Level 3.1 Fighting
 + Level 3.3 Dodging
 + Level 4.0 Unarmed Combat
 + Level 2.0 Charms
 * Level 4.6 Transmutations
 + Level 1.7 Ice Magic
 + Level 2.2 Air Magic


You had 9 spell levels left.
You knew the following spells:

 Your Spells              Type           Power        Failure   Level  Hunger
a - Beastly Appendage     Tmut           15 (50)      3%          1    N/A
b - Spider Form           Tmut           15 (200)     11%         3    N/A

Your spell library contained the following spells:

 Spells                   Type           Power        Failure   Level  Hunger
 Blade Hands              Tmut           15 (200)     69%         5    N/A
 Ice Form                 Ice/Tmut       10 (100)     54%         4    N/A
 Passwall                 Tmut/Erth      7 (200)      14%         2    N/A

Dungeon Overview and Level Annotations

Branches:
Dungeon (4/15)

Altars:
Cheibriados
Dithmenos
Gozag
Kikubaaqudgha
Lugonu
Okawaru
Ru
Uskayaw
Wu Jian
Yredelemnul
Zin


Innate Abilities, Weirdness & Mutations

You cannot wear most types of armour.
You are very stealthy in the water.
((You are amphibious.))
You can wear up to eight rings at the same time.
((You can use your tentacles to constrict eight enemies at once.))
((Your skin blends seamlessly with your surroundings (Stealth+++).))
((Your rubbery body absorbs attacks. (AC +1, EV +1)))


Message History

The gnoll is moderately wounded.
The gnoll hits you from afar with a +0 spear (6).
* * * LOW HITPOINT WARNING * * *
The gnoll closely misses you.
You bite the gnoll (9)!
You kill the gnoll!
The gnoll hits you from afar with a +0 spear (1).
* * * LOW HITPOINT WARNING * * *
The gnoll barely misses you.
You see here a +0 spear.
You closely miss the gnoll. The gnoll hits you with a +0 spear (6).
* * * LOW HITPOINT WARNING * * *
You bite the gnoll (11)!
The gnoll is poisoned.
The gnoll is severely wounded.
The gnoll hits you with a +0 spear (2).
* * * LOW HITPOINT WARNING * * *
You hit the gnoll but do no damage.
The gnoll looks as sick as possible!
The gnoll is almost dead.
The gnoll hits you with a +0 spear (9)!
You die...

..... #.....
####......
###.........
g...........
#.)........ .
#..........
....###+###..........
>...###_'sg..........
....###+###..........
s . #. #.......#.
..###.###....?..#.
.................. .
#.............#. #.
#.#...........#
.####.............#
#..)####...[.......#


You could see a gnoll.

Vanquished Creatures
  A howler monkey (D:3)
  Crazy Yiuf (D:2)
  An orc wizard (D:3)
  2 worker ants
  An iguana (D:3)
  3 gnolls (D:4)
  An adder (D:3)
  An ooze (D:1)
  A dart slug (D:1)
  2 orcs (D:3)
  3 quokkas (D:2)
  A ball python (D:3)
  6 giant cockroaches
  5 goblins
  8 hobgoblins
  2 jackals (D:3)
  2 kobolds
  4 bats
  2 frilled lizards
  5 rats
52 creatures vanquished.

Notes
Turn   | Place    | Note
-------+----------+-------------------------------------------
     0 | D:1      | rednecknazgul the Octopode Transmuter began the quest for the Orb.
     0 | D:1      | Reached XP level 1. HP: 13/13 MP: 2/2
    24 | D:1      | Reached XP level 2. HP: 16/18 MP: 4/4
   128 | D:1      | Reached XP level 3. HP: 23/23 MP: 5/5
   411 | D:1      | Reached skill level 1 in Charms
   721 | D:2      | Reached XP level 4. HP: 27/28 MP: 7/7
   753 | D:2      | Found an opulent altar of Gozag.
  1226 | D:2      | Found an iron altar of Okawaru.
  1237 | D:2      | Found an ancient bone altar of Kikubaaqudgha.
  1237 | D:2      | Found a glowing silver altar of Zin.
  1238 | D:2      | Found a corrupted altar of Lugonu.
  1238 | D:2      | Found a basalt altar of Yredelemnul.
  1243 | D:2      | Found a snail-covered altar of Cheibriados.
  1325 | D:2      | Found a runed door.
  1329 | D:2      | Noticed Crazy Yiuf
  1337 | D:2      | Killed Crazy Yiuf
  1337 | D:2      | Reached skill level 1 in Ice Magic
  1337 | D:2      | Reached skill level 1 in Air Magic
  1337 | D:2      | Reached XP level 5. HP: 19/34 MP: 8/8
  1592 | D:3      | Learned a level 3 spell: Spider Form
  1785 | D:3      | Reached XP level 6. HP: 41/41 MP: 6/6
  1986 | D:3      | Found a sacrificial altar of Ru.
  2046 | D:3      | Found a hide-covered altar of Uskayaw.
  2100 | D:3      | Found a shadowy altar of Dithmenos.
  2274 | D:4      | Reached XP level 7. HP: 23/45 MP: 9/9
  2280 | D:4      | Found an ornate altar of the Wu Jian Council.
  2292 | D:4      | Slain by a gnoll

Skill      XL: |  1  2  3  4  5  6  7 |
---------------+----------------------+-----
Charms         | 1 2 |  2.0
Fighting       | 2 3 |  3.1
Ice Magic      | 1 |  1.7
Air Magic      | 1 2 |  2.2
Dodging        | 3 |  3.3
Transmutations | 4 |  4.6
Unarmed Combat | 4 |  4.0

Action                   |  1- 3 |  4- 6 |  7- 9 || total
-------------------------+-------+-------+-------++-------
Melee: Unarmed           |    58 |    88 |    10 ||   156
       Constrict         |    16 |     9 |       ||    25
       Tentacles         |     4 |     3 |       ||     7
       Punch             |     2 |     1 |       ||     3
 Cast: Spider Form       |       |     1 |       ||     1
 Stab: Sleeping          |     5 |     7 |       ||    12
Armor: Skin              |     4 |     2 |       ||     6
Dodge: Dodged            |    46 |    49 |    14 ||   109
